Workbook
Name Constr: '25491'!$A$1
Name FOT: '25491'!$B$17
Name Ind: '25491'!$D$9
Name Obj: '25491'!#REF!
Name Obosn: '25491'!$B$15
Name SmPr: '25491'!$B$16
Name аааааппппппрррппппппп: #REF!
Name аараооооооооооооо: #REF!
Name автом: #REF!
Name алшрльоплварл: #REF!
Name аолвлддддддддддддддддввввввввв: #REF!
Name апарв: #REF!
Name апрлдджаоырыфрпопрлпрлпрлп: #REF!
Name арлггаджаш: #REF!
Name ароррбллтблпроорапииас: #REF!
Name арррррблллпдрлдддддддддд: #REF!
Name варпаааааааааа: #REF!
Name ввпьььььлднд: #REF!
Name вед: #REF!
Name вертикальная: #REF!
Name вертикплан: #REF!
Name волен: #REF!
Name вп: #REF!
Name впырпфдыпл: #REF!
Name впьглорьтитттттттттт: #REF!
Name всввввввввввввввввввввввввв: #REF!
Name выб: #REF!
Name выпуск: #REF!
Name выьлепвввввпмп: #REF!
Name еваопродолжэрщэрзшщщх: #REF!
Name измен: #REF!
Name итого: #REF!
Name итого_сантех: #REF!
Name итого_стр: #REF!
Name итого_строит: #REF!
Name итого_технол: #REF!
Name итого_электр: #REF!
Name квота: #REF!
Name кккккккккк: #REF!
Name корек: #REF!
Name корект: #REF!
Name корректир: #REF!
Name лен: #REF!
Name лот: #REF!
Name мамиааааааааааааааааааааааааааааа: #REF!
Name ммпоослччччччччччрччапппппппппр: #REF!
Name мрол: #REF!
Name оз: #REF!
Name озелен: #REF!
Name озеленение: #REF!
Name озеленение2: #REF!
Name ОСР: #REF!
Name ОСР110: #REF!
Name ОСР111: #REF!
Name план: #REF!
Name планировка: #REF!
Name плдщхэж.юрббдлююбо: #REF!
Name площадки: #REF!
Name пос: #REF!
Name прав: #REF!

Sheet 25491
A1: СОГЛАСОВАНО: | E1: ФГУП "Комбинат "Электрохимприбор" | M1: УТВЕРЖДАЮ:
G2: (наименование стройки) | M2: Зам.генерального директора
A3: _________________ | N3: Е.В. Гордеев
A4: " _____ " ________________ 2014 г. | M4: __________________
M5: "______ " __________2014 г.
G7: ЛОКАЛЬНЫЙ СМЕТНЫЙ РАСЧЕТ № 25491
G8: (локальная смета)
C10: на | D10: антиобледенительную систему кровли. Здание 420. Инв.№7412290
D11: Раздел: силовое электрооборудование
G12: (наименование работ и затрат, наименование объекта)
D14: Основание: проект №24940-14-ЭМ | N14: Справочно, в тыс.руб. :
D15: Сметная стоимость _______________________________________________________________________________________________ | J15: ___________________________403,531 | L15: тыс. руб. | N15: Всего: | P15: =P16+P17+P18+P19 -> 2399.0877
D16: строительных работ _______________________________________________________________________________________________ | J16: _______________________________________________________________________________________________18,674 | L16: тыс. руб. | N16: с К=5,98 | P16: =18.674*5.98 -> 111.67052
D17: монтажных работ _______________________________________________________________________________________________ | J17: _______________________________________________________________________________________________368,887 | L17: тыс. руб. | N17: с К=5,98 | P17: =368.887*5.98 -> 2205.9443
D18: прочих (ПНР "вхолостую")_______________________________________________________________________________________________ | J18: _______________________________________________________________________________________________2,271 | L18: тыс. руб. | N18: с К=10,48 | P18: =2.271*10.48 -> 23.80008
D19: оборудования _______________________________________________________________________________________________ | J19: _______________________________________________________________________________________________13,699 | L19: тыс. руб. | N19: с К=4,21 | P19: =13.699*4.21 -> 57.67279
D20: Средства на оплату труда _______________________________________________________________________________________________ | J20: ___________________________27,034 | L20: тыс. руб.
D21: Сметная трудоемкость _______________________________________________________________________________________________ | J21: _______________________________________________________________________________________________1311,68 | L21: чел.час
D22: Материалы________________________________________________279,608 | L22: тыс. руб. | N22: с К=5,98 | P22: =279.608*5.98 -> 1672.0558
D23: Составлен(а) в базовых ценах 2001г. в редакции 2009г.
A26: № пп | B26: Обосно- вание | C26: Наименование | D26: Ед. изм. | E26: Кол. | F26: Стоимость единицы, руб. | J26: Общая стоимость, руб. | O26: Т/з осн. раб.на ед. | P26: Т/з осн. раб. Всего | Q26: Общая масса обору-дования, т
F27: Всего | G27: В том числе | J27: Обору- дование | K27: Всего | L27: В том числе
G28: Осн.З/п | H28: Эк.Маш | I28: З/пМех | L28: Осн.З/п | M28: Эк.Маш | N28: З/пМех
A29: 1 | B29: 2 | C29: 3 | D29: 4 | E29: 5 | F29: 6 | G29: 7 | H29: 8 | I29: 9 | J29: 10 | K29: 11 | L29: 12 | M29: 13 | N29: 14 | O29: 15 | P29: 16 | Q29: 17
A30: Раздел 1. Демонтажные работы (в здании и пристрое)
A31: 1 | B31: ТЕРр67-4-1 | C31: Демонтаж выключателей (автомат АЕ2056М-100 Iн=80А в РП-2 и ВА57d35 Iн=100А в РП-1) | D31: 100 шт. | E31: 0.02 | F31: 64.18 | G31: 64.18 | K31: 1 | L31: 1 | O31: 5.84 | P31: 0.12
A32: 2 | B32: ТЕРм08-03-572-04 | C32: Демонтаж блока управления шкафного исполнения или распределительный пункт (шкаф), устанавливаемый на стене, высота и ширина до 1200х1000 мм (Демонтаж оборудования, которое не подлежит дальнейшему использованию (предназначено в лом) без разборки и резки ОЗП=0,3; ЭМ=0,3 к расх.; ЗПМ=0,3; МАТ=0 к расх.; ТЗ=0,3; ТЗМ=0,3) | D32: 1 шт. | E32: 1 | F32: 43.15 | G32: 14.63 | H32: 28.52 | I32: 1.58 | K32: 43 | L32: 15 | M32: 28 | N32: 2 | O32: 1.047 | P32: 1.05
A33: 3 | B33: ТЕРр67-3-1 | C33: Демонтаж кабеля (АВВГ 3х0+1х25) | D33: 100 м | E33: 0.7 | F33: 106.34 | G33: 105.94 | H33: 0.4 | I33: 0.16 | K33: 74 | L33: 74 | O33: 9.64 | P33: 6.75
A34: 4 | B34: ТЕРм08-03-523-03 | C34: Демонтаж предохранителя, устанавливаемого на изоляционном основании, на ток до 400 А (Демонтаж оборудования, которое не подлежит дальнейшему использованию (предназначено в лом) без разборки и резки ОЗП=0,3; ЭМ=0,3 к расх.; ЗПМ=0,3; МАТ=0 к расх.; ТЗ=0,3; ТЗМ=0,3) | D34: 1 шт. | E34: 3 | F34: 8.5 | G34: 8.35 | H34: 0.15 | K34: 26 | L34: 26 | O34: 0.549 | P34: 1.65
A35: 5 | B35: ТЕРм08-03-523-02 | C35: Демонтаж предохранителя, устанавливаемого на изоляционном основании, на ток до 250 А (Демонтаж оборудования, которое не подлежит дальнейшему использованию (предназначено в лом) без разборки и резки ОЗП=0,3; ЭМ=0,3 к расх.; ЗПМ=0,3; МАТ=0 к расх.; ТЗ=0,3; ТЗМ=0,3) | D35: 1 шт. | E35: 6 | F35: 5.71 | G35: 5.61 | H35: 0.1 | K35: 34 | L35: 34 | O35: 0.369 | P35: 2.21
A36: Итого прямые затраты по разделу в ценах 2001г. | K36: 178 | L36: 150 | M36: 28 | N36: 2 | P36: 11.78
A37: Итого прямые затраты по разделу с учетом коэффициентов к итогам | K37: 221 | L37: 183 | M37: 38 | N37: 3 | P37: 13.5
A38: Накладные расходы | K38: 169
A39: Сметная прибыль | K39: 121
A40: Итого по разделу 1 Демонтажные работы (в здании и пристрое) | K40: 511 | P40: 13.5
A41: Раздел 2. Монтажные работы
A42: Здание 420
A43: 6 | B43: ТЕРм08-03-526-02 | C43: Монтаж: автомат одно-, двух-, трехполюсный, устанавливаемый на конструкции, на ток до 100 А | D43: 1 шт. | E43: 1 | F43: 215.9 | G43: 31.09 | H43: 4.53 | I43: 0.18 | K43: 216 | L43: 31 | M43: 5 | O43: 2.32 | P43: 2.32
A44: 7 | B44: ТСЦ-509-0300 прим. | C44: Выключатели автоматические АЕ2046М У3 I-80А | D44: шт. | E44: 1 | F44: 130.91 | K44: 131
A45: 8 | B45: ТЕРм08-03-573-04 | C45: Шкаф (пульт) управления навесной, высота, ширина и глубина до 600х600х350 мм | D45: 1 шт. | E45: 1 | F45: 99.26 | G45: 33.11 | H45: 62.05 | I45: 4.71 | K45: 99 | L45: 33 | M45: 62 | N45: 5 | O45: 2.37 | P45: 2.37
A46: 9 | B46: Цена поставщика 2014г. | C46: Корпус металлический ЩУ-3/1-0 74 У1 IP54 (MKM51-N-03-54) | D46: шт. | E46: 1 | F46: 309,03 2180,64/1,18/5,98 | K46: 309
A47: 10 | B47: ТЕРм08-01-058-01 | C47: Выключатель нагрузки с приводом ручным | D47: 1 шт. | E47: 1 | F47: 182.49 | G47: 95.66 | H47: 44.74 | I47: 3.68 | K47: 182 | L47: 96 | M47: 45 | N47: 4 | O47: 7.06 | P47: 7.06
A48: 11 | B48: Цена поставщика 2014г. | C48: Выключатель нагрузки (мини-рубильник) ВН-32 3Р 63А (MNV10-3-063) | D48: шт. | E48: 1 | F48: 29,76 210,00/1,18/5,98 | K48: 30
A49: 12 | B49: ТЕРм11-03-001-01 | C49: Приборы, устанавливаемые на металлоконструкциях, щитах и пультах, масса до 5 кг | D49: 1 шт. | E49: 2 | F49: 8.41 | G49: 7.26 | K49: 17 | L49: 15 | O49: 0.52 | P49: 1.04
A50: 13 | B50: Цена поставщика 2014г. | C50: Шина PE "земля" на DIN-изол тип "Стойка" ШНИ-6х9-8-С-Ж (YNN10-69-8P-K05) | D50: шт. | E50: 2 | F50: 6,55 46,20/1,18/5,98 | K50: 13
A51: 14 | B51: ТЕРм08-03-600-02 | C51: Счетчики, устанавливаемые на готовом основании трехфазные | D51: 1 шт. | E51: 1 | F51: 15.65 | G51: 12.15 | H51: 2.92 | I51: 0.18 | K51: 16 | L51: 12 | M51: 3 | O51: 0.87 | P51: 0.87
A52: 15 | B52: Цена поставщика 2014г. | C52: Счетчик активной энергии, 380В, 5...50А, СТЭ-561/П60-1-4М-К4 | D52: шт. | E52: 1 | F52: 238,08 1680/1,18/5,98 | K52: 238
A53: 16 | B53: ТЕРм10-04-030-04 | C53: Дополнительная установка на пультах и панелях колодки клеммной на 20 клемм | D53: 1 шт. | E53: 7 | F53: 27.06 | G53: 11.51 | K53: 189 | L53: 81 | O53: 1 | P53: 7 | Q53: 0.0035
A54: 17 | B54: Цена поставщика 2014г. | C54: Клеммник Полиамид 6.6,12р,110°С,450V, 101A, 25мм.кв.(43812NY) | D54: шт. | E54: 3 | F54: 48,83 344,54/1,18/5,98 | K54: 146
A55: 18 | B55: Цена поставщика 2014г. | C55: Клеммник Полиамид 6.6,12р,110°С,450V, 76A, 16мм.кв.(43512NY) | D55: шт. | E55: 3 | F55: 24,65 173,91/1,18/5,98 | K55: 74
A56: 19 | B56: Цена поставщика 2014г. | C56: Клеммник Полиамид 6.6,12р,110°С,450V, 24A, 2,5мм.кв.(43212NY) | D56: шт. | E56: 1 | F56: 8 56,44/1,18/5,98 | K56: 8
A57: 20 | B57: ТЕРм08-01-087-03 | C57: Металлические конструкции | D57: 1 т | E57: 0.041 | F57: 18456.73 | G57: 842.81 | H57: 643.96 | I57: 31.67 | K57: 757 | L57: 35 | M57: 26 | N57: 1 | O57: 62.2 | P57: 2.55
A58: 21 | B58: ТЕРм08-02-401-01 | C58: Монтаж: кабель двух-четырехжильный сечением жилы до 16 мм2 с креплением накладными скобами, полосками с установкой ответвительных коробок (1.8.3.ОП При производстве работ на высоте свыше расстояний, указанных в вводных указаниях к разделам сборника: при высоте свыше 2 до 8 м ОЗП=1,05; ТЗ=1,05) | D58: 100 м | E58: 2.1 | F58: 4067.05 | G58: 717.89 | H58: 957.86 | I58: 390.47 | K58: 8541 | L58: 1508 | M58: 2012 | N58: 820 | O58: 54.18 | P58: 113.78
A59: 22 | B59: Цена поставщика 2014г. | C59: Коробка ответвительная с кабельными вводами, IP55,300х220х120 (54300) | D59: шт. | E59: 15 | F59: 120,4 849,59/1,18/5,98 | K59: 1806
A60: 23 | B60: ТЕРм08-02-148-01 | C60: Монтаж: кабель до 35 кВ в проложенных трубах, блоках и коробах, масса 1 м кабеля до 1 кг (1.8.3.ОП При производстве работ на высоте свыше расстояний, указанных в вводных указаниях к разделам сборника: при высоте свыше 2 до 8 м ОЗП=1,05; ТЗ=1,05) | D60: 100 м кабеля | E60: 1.3 | F60: 807.24 | G60: 176.42 | H60: 544.81 | I60: 57.87 | K60: 1049 | L60: 229 | M60: 708 | N60: 75 | O60: 13.02 | P60: 16.93
A61: 24 | B61: ТЕРм08-02-148-01 | C61: Кабель до 35 кВ в проложенных трубах, блоках и коробах, масса 1 м кабеля до 1 кг (1.8.3.ОППри производстве работ на высоте свыше расстояний, указанных в вводных указаниях к разделам сборника: при высоте свыше 15 до 30 м (прокладка по ограждению) ОЗП=1,25; ТЗ=1,25) | D61: 100 м кабеля | E61: 2.3 | F61: 840.85 | G61: 210.03 | H61: 544.81 | I61: 57.87 | K61: 1934 | L61: 483 | M61: 1253 | N61: 133 | O61: 15.5 | P61: 35.65
A62: 25 | B62: Цена поставщика 2014г. | C62: Кабель ВВГнг(А)-0,66, силовой медный с ПВХ изоляцией в оболочке из ПВХ пластиката пониженной горючести сеч. 5х10 | D62: 1000м | E62: 0.03 | F62: 42275,1 298310/1,18/5,98 | K62: 1268
A63: 26 | B63: Цена поставщика 2014г. | C63: Кабель ВВГнг(А)-0,66, силовой медный с ПВХ изоляцией в оболочке из ПВХ пластиката пониженной горючести сеч. 5х16 | D63: 1000м | E63: 0.15 | F63: 67949,66 479480/1,18/5,98 | K63: 10192
A64: 27 | B64: Цена поставщика 2014г. | C64: Кабель ВВГнг(А)-0,66,силовой медный с ПВХ изоляцией в оболочке из ПВХ пластиката пониженной горючести сеч. 5х25 | D64: 1000м | E64: 0.21 | F64: 97375,43 687120/1,18/5,98 | K64: 20449
A65: 28 | B65: Цена поставщика 2014г. | C65: Кабель КВВГнг(А),контрольный медный с ПВХ изоляцией в оболочке из ПВХ пластиката пониженной горючести сеч. 5х1,5 | D65: 1000м | E65: 0.09 | F65: 8473,16 59790/1,18/5,98 | K65: 763
A66: 29 | B66: Цена поставщика 2014г. | C66: Кабель КВПЭфнг(А)-LS-5е, симметричный для локальных компьютерных сетей (FTR) категории 5е с пониженным дымо- и газовыделением, медный, с изоляцией из сплошного полиэтилена, в общем экране из алюмолавсановой ленты из медной луженой проволоки, сечением 4х2х0,52 | D66: 1000м | E66: 0.09 | F66: 3239,75 22861/1,18/5,98 | K66: 292
A67: 30 | B67: ТЕРм08-02-407-02 | C67: Труба стальная по установленным конструкциям, по стенам с креплением скобами, диаметр до 40 мм (1.8.3.ОППри производстве работ на высоте свыше расстояний, указанных в вводных указаниях к разделам сборника: при высоте свыше 2 до 8 м ОЗП=1,05; ТЗ=1,05) | D67: 100 м | E67: 0.8 | F67: 3036.61 | G67: 577.37 | H67: 1234.04 | I67: 433.04 | K67: 2429 | L67: 462 | M67: 987 | N67: 346 | O67: 43.575 | P67: 34.86
A68: 31 | B68: ТСЦ-103-0004 | C68: Трубы стальные сварные водогазопроводные с резьбой черные легкие (неоцинкованные) диаметр условного прохода 32 мм, толщина стенки 2,8 мм | D68: м | E68: 40 | F68: 26.35 | K68: 1054
A69: 32 | B69: ТСЦ-103-0005 | C69: Трубы стальные сварные водогазопроводные с резьбой черные легкие (неоцинкованные) диаметр условного прохода 40 мм, толщина стенки 3 мм | D69: м | E69: 40 | F69: 32.13 | K69: 1285
A70: 33 | B70: ТЕРм08-02-409-01 | C70: Труба винипластовая по установленным конструкциям, по стенам и колоннам с креплением скобами, диаметр до 25 мм (1.8.3.ОППри производстве работ на высоте свыше расстояний, указанных в вводных указаниях к разделам сборника: при высоте свыше 2 до 8 м ОЗП=1,05; ТЗ=1,05) | D70: 100 м | E70: 0.5 | F70: 2450.97 | G70: 331.12 | H70: 611.58 | I70: 248.83 | K70: 1225 | L70: 166 | M70: 306 | N70: 124 | O70: 24.99 | P70: 12.5
A71: 34 | B71: Цена поставщика 2014г. | C71: Труба гофр. DN17мм, ПВ-0, Dвн 16,8 мм, Dнар 21,2 мм, полиамид 6, цвет тёмно-серый, с протяжкой (PA611721F0) | D71: м | E71: 50 | F71: 9,45 66,7/1,18/5,98 | K71: 473
A72: 35 | B72: Цена поставщика 2014г. | C72: Втулка соединительная резьба М20х1,5 (PADM20) | D72: шт. | E72: 6 | F72: 10,41 73,44/1,18/5,98 | K72: 62
A73: 36 | B73: Цена поставщика 2014г. | C73: Муфта труба-коробка DN 17 мм, M20х1,5, полиамид (PAM17M20N) | D73: шт. | E73: 30 | F73: 14,47 102,13/1,18/5,98 | K73: 434
A74: 37 | B74: Цена поставщика 2014г. | C74: Гайка с метрической резьбой М20х1,5, полиамид (PAGM20N) | D74: шт. | E74: 18 | F74: 2,17 15,28/1,18/5,98 | K74: 39
A75: 38 | B75: ТЕРм08-02-409-02 | C75: Труба винипластовая по установленным конструкциям, по стенам и колоннам с креплением скобами, диаметр до 50 мм (1.8.3.ОППри производстве работ на высоте свыше расстояний, указанных в вводных указаниях к разделам сборника: при высоте свыше 15 до 30 м (прокладка по ограждению) ОЗП=1,25; ТЗ=1,25) | D75: 100 м | E75: 2.3 | F75: 3033.76 | G75: 569.75 | H75: 945.62 | I75: 373.18 | K75: 6978 | L75: 1310 | M75: 2175 | N75: 858 | O75: 43 | P75: 98.9
A76: 39 | B76: Цена поставщика 2014г. | C76: Труба гофр. DN36мм, ПВ-0, Dвн 36,3 мм, Dнар 42,5 мм, полиамид 6, с протяжкой (PA613643F0) | D76: м | E76: 230 | F76: 24,45 172,50/1,18/5,98 | K76: 5624
A77: 40 | B77: Цена поставщика 2014г. | C77: Втулка соединительная,резьба М40х1,5, (PADM40) | D77: шт. | E77: 20 | F77: 25,91 182,83/1,18/5,98 | K77: 518
A78: 41 | B78: Цена поставщика 2014г. | C78: Муфта труба-коробка DN 36 мм, резьба M40х1,5, полиамид, (PAM36M40N) | D78: шт. | E78: 63 | F78: 35,47 250,27/1,18/5,98 | K78: 2235
A79: 42 | B79: Цена поставщика 2014г. | C79: Гайка с метрической резьбой М40х1,5, полиамид, (PAGM40N) | D79: шт. | E79: 43 | F79: 7,58 53,51/1,18/5,98 | K79: 326
A80: Антиобледенительная система здания для кровель "Теплоскат"
A81: 43 О | B81: Цена поставщика 2014г. | C81: Шкаф управления ШУ-ТС-3-2х32-200 | D81: шт | E81: 1 | F81: 4134,33 20538,53/1,18/4,21 | J81: 4134 | K81: 4134
A82: 44 | B82: ТЕРм08-03-573-05 | C82: Шкаф (пульт) управления навесной, высота, ширина и глубина до 900х600х500 мм | D82: 1 шт. | E82: 1 | F82: 126.83 | G82: 33.11 | H82: 89.04 | I82: 6.72 | K82: 127 | L82: 33 | M82: 89 | N82: 7 | O82: 2.37 | P82: 2.37
A83: 45 О | B83: Цена поставщика 2014г. | C83: Регулятор температуры электронный РТ-200 ТЕПЛОСКАТ (Ц:2990руб:1,18:4,19) | D83: шт. | E83: 1 | F83: 1348,69 6700/1,18/4,21 | J83: 1349 | K83: 1349
A84: 46 О | B84: Цена поставщика 2014г. | C84: Датчик температуры TST01 с кабелем | D84: шт. | E84: 1 | F84: 103,06 512/1,18/4,21 | J84: 103 | K84: 103
A85: 47 | B85: ТЕРм11-03-011-01 Прим. | C85: Монтаж: регулятор температуры, датчик температуры (1.11.4.ОППри производстве работ на высоте свыше 5 м от уровня земли при работе вне зданий или от уровня пола в зданиях в сооружениях к затратам труда рабочих следует применять коэффициент определяемый по формуле: К=1 +0,05хМ, где М - число метров сверх 5. (Высота здания - 15,8м) ОЗП=1,5; ТЗ=1,5) | D85: 1 компл. | E85: 2 | F85: 145.48 | G85: 92.67 | H85: 42.29 | I85: 2.73 | K85: 291 | L85: 185 | M85: 85 | N85: 5 | O85: 6.735 | P85: 13.47 | Q85: 0.16
A86: 48 О | B86: Цена поставщика 2014г. | C86: Датчик воды TSW01 с кабелем | D86: шт | E86: 1 | F86: 151,98 755/1,18/4,21 | J86: 152 | K86: 152
A87: 49 О | B87: Цена поставщика 2014г. | C87: Датчик осадков ТSP02 с кабелем | D87: шт | E87: 1 | F87: 608,72 3024/1,18/4,21 | J87: 609 | K87: 609
A88: 50 | B88: ТЕРм11-03-011-01Прим. | C88: Монтаж: датчик воды и осадков (1.11.4.ОППри производстве работ на высоте свыше 5 м от уровня земли при работе вне зданий или от уровня пола в зданиях в сооружениях к затратам труда рабочих следует применять коэффициент определяемый по формуле: К=1 +0,05хМ, где М - число метров сверх 5. (Высота здания -15,8м) ОЗП=1,5; ТЗ=1,5) | D88: 1 компл. | E88: 2 | F88: 145.48 | G88: 92.67 | H88: 42.29 | I88: 2.73 | K88: 291 | L88: 185 | M88: 85 | N88: 5 | O88: 6.735 | P88: 13.47 | Q88: 0.16
A89: 51 О | B89: Цена поставщика 2014г. | C89: Блок питания для датчика осадков БПДО | D89: шт. | E89: 1 | F89: 312,01 1550/1,18/4,21 | J89: 312 | K89: 312
A90: 52 | B90: ТЕРм11-03-011-01Прим. | C90: Монтаж: блок питания БПДО (1.11.4.ОППри производстве работ на высоте свыше 5 м от уровня земли при работе вне зданий или от уровня пола в зданиях в сооружениях к затратам труда рабочих следует применять коэффициент определяемый по формуле: К=1 +0,05хМ, где М - число метров сверх 5. (Высота здания- 15,8м) ОЗП=1,5; ТЗ=1,5) | D90: 1 компл. | E90: 1 | F90: 145.48 | G90: 92.67 | H90: 42.29 | I90: 2.73 | K90: 145 | L90: 93 | M90: 42 | N90: 3 | O90: 6.735 | P90: 6.74 | Q90: 0.08
A91: 53 | B91: Цена поставщика 2014г. | C91: Саморегулирующаяся электрическая нагревательная лента 25НТА2-ВТ | D91: м | E91: 665 | F91: 90,97 641,92/1,18/5,98 | K91: 60495
A92: 54 | B92: ТЕРм08-02-146-01Прим. | C92: Монтаж: саморегулирующей электрической нагревательной ленты 25НТА2-ВТ (1.8.3.ОППри производстве работ на высоте свыше расстояний, указанных в вводных указаниях к разделам сборника: при высоте свыше 8 до 15 м ОЗП=1,1; ТЗ=1,1) | D92: 100 м кабеля | E92: 6.65 | F92: 2848.65 | G92: 219.11 | H92: 1292.95 | I92: 147.72 | K92: 18944 | L92: 1457 | M92: 8598 | N92: 982 | O92: 16.17 | P92: 107.53
A93: 55 | B93: Цена поставщика 2014г. | C93: Зажим СР.23.2-50 М -крепление 2-х ниток кабеля | D93: шт. | E93: 864 | F93: 2,45 17,26/1,18/5,98 | K93: 2117
A94: 56 | B94: ТСЦ-101-0241 Прим. | C94: Заклепки с полукруглой головкой 4х12 мм (456 шт.) | D94: т | E94: 0.01 | F94: 13787.99 | K94: 138
A95: 57 | B95: Цена поставщика 2014г. | C95: Полоса 0,5х15мм М ТС.00 | D95: шт. | E95: 372 | F95: 16,16 114/1,18/5,98 | K95: 6012
A96: 58 | B96: Цена поставщика 2014г. | C96: Т-скоба ТС.04 М-переход кабеля из лотка в трубу | D96: шт. | E96: 12 | F96: 49,6 350/1,18/5,98 | K96: 595
A97: 59 | B97: Цена поставщика 2014г. | C97: Зажим СР.23.1-25М | D97: шт. | E97: 36 | F97: 2,22 15,69/1,18/5,98 | K97: 80
A98: 60 | B98: Цена поставщика 2014г. | C98: Зажим СР/Т.23.1-25М-крепление троса к одной нитке кабеля в трубе | D98: шт. | E98: 540 | F98: 2,22 15,69/1,18/5,98 | K98: 1199
A99: 61 | B99: Цена поставщика 2014г. | C99: Трос стальной D=2,8мм | D99: м | E99: 168 | F99: 7,09 50/1,18/5,98 | K99: 1191
A100: 62 | B100: Цена поставщика 2014г. | C100: Зажим СР/Т.23.2-50М-крепление троса к двум ниткам кабеля в ендове | D100: шт. | E100: 48 | F100: 2,67 18,83/1,18/5,98 | K100: 128
A101: 63 | B101: Цена поставщика 2014г. | C101: Комплект для заделки TKL (с учетом клея-герметика) | D101: шт | E101: 12 | F101: 50 352,82/1,18/5,98 | K101: 600
A102: 64 | B102: Цена поставщика 2014г. | C102: Комплект для заделки TKR (с учетом клея-герметика) | D102: шт | E102: 12 | F102: 50 352,82/1,18/5,98 | K102: 600
A103: 65 | B103: Цена поставщика 2014г. | C103: Наконечник DT-25 медный прессованный кабельный (UNP22-025-07-08) | D103: шт. | E103: 5 | F103: 8,33 58,80/1,18/5,98 | K103: 42
A104: 66 | B104: Цена поставщика 2014г. | C104: Наконечник DT-16 медный прессованный кабельный (UNP22-016-06-08) | D104: шт. | E104: 5 | F104: 5,75 40,60/1,18/5,98 | K104: 29
A105: Пристрой здания 420
...

Sheet СМР
A1: Расчет начальной (максимальной) цены на
A2: выполнение работ по устройству антиобледенительной системы кровли. Здание 420. Инв.№7412290
A4: Наименование глав ССР, объектный сметных расчетов, локальных сметных расчетов, видов прочих работ | B4: Сметная стоимость строительства в базисном уровне цен на 01.01.2000г. по ССР | F4: Остаток сметной стоимости в базисном уровне цен на 01.01.2014 | J4: Сметная стоимость строительства в базисном уровне цен на 01.01.2000г., выставленная на конкурс | N4: Текущая стоимость на момент определения начальной (максимальной) цены | O4: № обосновывающего расчета | P4: 2014 год
B5: Всего | C5: СМР | D5: Оборудование | E5: Прочие | F5: Всего | G5: СМР | H5: Оборудование | I5: Прочие | J5: Всего | K5: СМР | L5: Оборудование | M5: Прочие | P5: СМР | Q5: Оборудование | R5: Прочие
A6: 1 | B6: 2 | C6: 3 | D6: 4 | E6: 5 | F6: 6 | G6: 7 | H6: 8 | I6: 9 | J6: 10 | K6: 11 | L6: 12 | M6: 13 | N6: 14 | O6: 15 | P6: 16 | Q6: 17 | R6: 18
A7: Антиобледенительная система кровли. Здание 420. Инв.№7412290 | B7: =SUM(C7:E7) -> 403531 | C7: =18674+368887 -> 387561 | D7: 13699 | E7: 2271 | F7: =SUM(G7:I7) -> 403531 | G7: =C7 -> 387561 | H7: =D7 -> 13699 | I7: =E7 -> 2271 | J7: =SUM(K7:M7) -> 403531 | K7: =P7 -> 387561 | L7: =Q7 -> 13699 | M7: =R7 -> 2271 | O7: 178см85 | P7: =G7 -> 387561 | Q7: =H7 -> 13699 | R7: =I7 -> 2271
A8: Итого в ценах 2000 года: | B8: =SUM(B7:B7) -> 403531 | C8: =SUM(C7:C7) -> 387561 | D8: =SUM(D7:D7) -> 13699 | E8: =SUM(E7:E7) -> 2271 | F8: =SUM(F7:F7) -> 403531 | G8: =SUM(G7:G7) -> 387561 | H8: =SUM(H7:H7) -> 13699 | I8: =SUM(I7:I7) -> 2271 | ... M8: =SUM(M7:M7) -> 2271 | N8: =SUM(P8:R8) -> 403531 | P8: =SUM(P7:P7) -> 387561 | Q8: =SUM(Q7:Q7) -> 13699 | R8: =SUM(R7:R7) -> 2271
A9: Итого в текущих ценах*: | N9: =SUM(P9:R9) -> 2295034 | P9: =ROUND(P8*5.73,0) -> 2220725 | Q9: =ROUND(Q8*3.76,0) -> 51508 | R9: =ROUND(R8*10.04,0) -> 22801
A10: НДС 18% | N10: =SUM(P10:R10) -> 413106.12 | P10: =ROUND(P9*18%,2) -> 399730.5 | Q10: =ROUND(Q9*18%,2) -> 9271.44 | R10: =ROUND(R9*18%,2) -> 4104.18
A11: Всего: | N11: =SUM(N9:N10) -> 2708140.1 | P11: =SUM(P9:P10) -> 2620455.5 | Q11: =SUM(Q9:Q10) -> 60779.44 | R11: =SUM(R9:R10) -> 26905.18
P12: 60000000
A13: * В расчете использованы индексы: | Q13: =P12-P11 -> 57379544
A14: - 5,73 индекс изменения сметной стоимости СМР к ТЕР 2001 (Письмо Минстроя от 04.08.2014 №15285-ЕС/08 приложение 1 прочие объекты).
A15: - 3,76 индекс изменения сметной стоимости оборудования к ТЕР 2001 (Письмо Минстроя от 04.08.2014 №15285-ЕС/08 приложение 5 экономика в целом).
A16: - 10,04 индекс изменения сметной стоимости прочих затрат к ТЕР 2001 (Письмо Минстроя от 04.08.2014 №15285-ЕС/08 приложение 1 пусконаладочные работы).
A18: Начальник отдела капитального строительства
A19: ФГУП "Комбинат "Электрохимприбор" | H19: В.В. Моляков
A21: Инженер по проектно-сметной работе | H21: Н.А. Басова
A23: Согласовано | H23: отд. 028

Sheet НМЦ договора
A5: Определение начальной (максимальной) цены договора генерального подряда
A6: на выполнение работ по устройству антиобледенительной системы кровли. Здание 420. Инв.№7412290
A7: на 2014 год
A9: Способ закупки: открытый запрос предложений
G10: ц.2000г./текущие цены, руб.
A11: Наименование услуг и работ (затрат) | C11: Сметная стоимость строительства в базисном уровне цен на 01.01.2000 г. | D11: Сметная стоимость строительства в текущем уровне цен, пресчитанная на момент проведения процедуры закупки | F11: Начальная (максимальная) цена | G11: в том числе по годам строительства
G14: 2014 г.
A18: 1 | C18: 2 | D18: 3 | F18: 4 | G18: 5
A19: СМР | C19: =СМР!K8 -> 387561 | D19: =F19 -> 2220725 | F19: =G19 -> 2220725 | G19: =СМР!P9 -> 2220725
A20: Оборудование | C20: =СМР!L8 -> 13699 | D20: =F20 -> 51508 | F20: =G20 -> 51508 | G20: =СМР!Q9 -> 51508
A21: Прочие затраты | C21: =СМР!M8 -> 2271 | D21: =F21 -> 22801 | F21: =G21 -> 22801 | G21: =СМР!R9 -> 22801
A22: Всего: | C22: =SUM(C19:C21) -> 403531 | D22: =F22 -> 2295034 | F22: =G22 -> 2295034 | G22: =SUM(G19:G21) -> 2295034
A23: НДС | D23: =F23 -> 413106.12 | F23: =G23 -> 413106.12 | G23: =СМР!P10+СМР!Q10+СМР!R10 -> 413106.12
A24: Итого с НДС | D24: =F24 -> 2708140.1 | F24: =G24 -> 2708140.1 | G24: =СМР!P11+СМР!Q11+СМР!R11 -> 2708140.1
A26: В расчете использованы индексы:
A28: - 5,73 индекс изменения сметной стоимости СМР к ТЕР 2001 (Письмо Минстроя от 04.08.2014 №15285-ЕС/08 приложение 1 прочие объекты). - 3,76 индекс изменения сметной стоимости оборудования к ТЕР 2001 (Письмо Минстроя от 04.08.2014 №15285-ЕС/08 приложение 5 экономика в целом). - 10,04 индекс изменения сметной стоимости прочих затрат к ТЕР 2001 (Письмо Минстроя от 04.08.2014 №15285-ЕС/08 приложение 1 пусконаладочные работы).
A30: Начальник отдела капитального строительства
A31: ФГУП "Комбинат "Электрохимприбор" | G31: В.В. Моляков
A33: Инженер по проектно-сметной работе | G33: Н.А. Басова
A35: Согласовано | G35: отд. 028
